 Dungeon Crawl Stone Soup version 0.23.2-33-g5129a83184 (console) character file.

Game seed: 15688006975612022962

47 FlyingSalmon the Poker (level 3, -1/28 HPs)
             Began as a Merfolk Gladiator on July 26, 2019.
             Splashed by a jelly's acid (8 damage)
             ... on level 2 of the Dungeon.
             The game lasted 00:04:34 (1420 turns).

FlyingSalmon the Poker (Merfolk Gladiator)          Turns: 1420, Time: 00:04:35

Health: -1/28      AC:  6    Str: 15    XL:     3   Next: 70%
Magic:  3/3        EV: 13    Int:  7    God:
Gold:   73         SH:  0    Dex: 15    Spells: 2/2 levels left

rFire    . . .     SeeInvis .   a - +0 trident
rCold    . . .     Gourm    .   (no shield)
rNeg     . . .     Faith    .   g - +0 ring mail
rPois    .         Spirit   .   c - +0 helmet
rElec    .         Reflect  .   (no cloak)
rCorr    .         Harm     .   (no gloves)
MR       .....                  (no boots)
Stlth    +.........             (no amulet)
HPRegen  0.09/turn              (no ring)
MPRegen  0.08/turn              (no ring)

@: no status effects
A: change form in water, swift swim, stealthy swim
a: no special abilities


You were on level 2 of the Dungeon.
You were not hungry.

You visited 1 branch of the dungeon, and saw 2 of its levels.

You collected 73 gold pieces.

Inventory:

Hand Weapons
 a - a +0 trident (weapon)
Missiles
 d - 3 throwing nets
 m - 64 stones (quivered)
Armour
 b - a +0 leather armour
 c - a +0 helmet (worn)
 g - a +0 ring mail (worn)
Jewellery
 i - an uncursed ring of resist corrosion {unknown}
Scrolls
 e - a scroll of random uselessness {unknown}
 l - a scroll of remove curse {unknown}
 n - a scroll of fear {unknown}
 o - a scroll of fog {unknown}
 p - a scroll of enchant weapon {unknown}
 q - a scroll of enchant armour {unknown}
 r - 2 scrolls of identify {unknown}
 s - a scroll of immolation {unknown}
 t - a scroll of blinking {unknown}
Potions
 h - a potion of mutation {unknown}
 k - 2 potions of brilliance {unknown}
 u - a potion of agility {unknown}
Comestibles
 f - 5 rations


   Skills:
 + Level 2.4 Fighting
 * Level 5.9 Polearms
 - Level 2.0 Throwing
 + Level 0.3 Armour
 + Level 4.5 Dodging


You had 2 spell levels left.
You didn't know any spells.
Your spell library was empty.

Dungeon Overview and Level Annotations

Branches:
Dungeon (2/15)

Altars:
Nemelex Xobeh


Message History

You see here a ring mail.
A jelly comes into view.
The jelly quivers.
Found 21 stones.
Attack whom?
Press: ? - help, Dir - move target cursor, f - jelly
Aim: a jelly You reach to attack!
You hit the jelly.
The jelly is lightly wounded.
You hit the jelly.
Your hands burn!
The jelly is moderately wounded.
The jelly hits you.
You are splashed with acid!
You are too injured to fight recklessly!
You are too injured to fight recklessly!
You hit the jelly.
Your hands burn!
The jelly is heavily wounded.
The jelly hits you.
* * * LOW HITPOINT WARNING * * *
You are splashed with acid!
You die...

##.##.......#.# #.##.## #.#.#
>......####.#(###.##.####.#.#####
#.......................#......#
####.######...##.##.####.#..###.
#.# ##...#....#........# #.
###.#####....#..##.####.#<.###.
#.........#.............#.#...#
###.#.#####...##.##########.#..##
...#..# ##[###@# #####.#..#
###.### #.##.J# #........#
###.########.##.## #.....##.#
#............##( #.###.##.#
#.#.......#####. #.###.##.##
#.#######.# #. #.......... ...#
#.# #. #.######.## ..># #.# #.
##.## #.# ##.# #.###
####...#####.#


You could see a jelly.

Vanquished Creatures
  An adder (D:2)
  3 worms (D:2)
  A leopard gecko (D:1)
  3 giant cockroaches (D:1)
  3 goblins
  4 hobgoblins (D:1)
  4 bats
  2 frilled lizards (D:1)
  3 kobolds (D:1)
  6 rats
30 creatures vanquished.

Notes
Turn   | Place    | Note
-------+----------+-------------------------------------------
     0 | D:1      | FlyingSalmon the Merfolk Gladiator began the quest for the
                  | Orb.
     0 | D:1      | Reached XP level 1. HP: 16/16 MP: 1/1
   425 | D:1      | Reached XP level 2. HP: 22/22 MP: 2/2
   426 | D:1      | Reached skill level 5 in Polearms
   979 | D:2      | Reached XP level 3. HP: 28/28 MP: 3/3
  1158 | D:2      | Found a sparkling altar of Nemelex Xobeh.
  1420 | D:2      | Splashed by a jelly's acid

Skill      XL: |  1  2 |
---------------+-------+-----
Polearms       | 5 |  5.9
Fighting       | |  2.4
Throwing       | |  2.0
Armour         | |  0.3
Dodging        | |  4.5

Action                   || total
-------------------------++-------
Melee: Trident           ||   120
Throw: Throwing net      ||     2
 Stab: Held in net/web   ||     1
  Eat: Chunk             ||     2
Armor: Ring mail         ||    30
Dodge: Dodged            ||    58
